 Dungeon Crawl Stone Soup version 0.23.1-37-gaa34b87 (webtiles) character file.

Game seed: 11380023986337305170

28 night the Magician (level 2, -16/19 HPs)
             Began as a Demonspawn Wizard on Mar 25, 2019.
             Demolished by an ogre
             ... wielding a +0 giant club
              (18 damage)
             ... on level 1 of the Dungeon.
             The game lasted 00:02:09 (1315 turns).

night the Magician (Demonspawn Wizard)              Turns: 1315, Time: 00:02:10

Health: -16/19     AC:  8    Str:  7    XL:     2   Next: 96%
Magic:  6/6        EV:  2    Int: 19    God:
Gold:   45         SH:  0    Dex: 11    Spells: 6/7 levels left

rFire    . . .     SeeInvis .     - Unarmed
rCold    . . .     Gourm    .   (no shield)
rNeg     . . .     Faith    .   j - +0 chain mail (curse)
rPois    .         Spirit   .   b - +0 hat
rElec    .         Reflect  .   (no cloak)
rCorr    .         Harm     .   (no gloves)
MR       .....                  (no boots)
Stlth    ..........             (no amulet)
HPRegen  0.06/turn              (no ring)
MPRegen  0.10/turn              (no ring)

@: no status effects
A: powered by pain 1
a: no special abilities


You were on level 1 of the Dungeon.
You were not hungry.

You visited 1 branch of the dungeon, and saw 2 of its levels.

You collected 45 gold pieces.

Inventory:

Hand Weapons
 l - a +0 hunting sling
Missiles
 e - 85 stones (quivered)
 m - 17 sling bullets
Armour
 a - a +0 robe
 b - a +0 hat (worn)
 j - a cursed +0 chain mail (worn)
Scrolls
 c - a scroll of magic mapping {unknown}
 h - a scroll of fear {unknown}
 i - a scroll of immolation {unknown}
Potions
 f - 2 potions of curing {unknown}
 g - a potion of lignification {unknown}
 k - a potion of mutation {unknown}
Comestibles
 d - a ration


   Skills:
 - Level 1.7 Dodging
 - Level 1.7 Stealth
 * Level 2.4 Unarmed Combat
 - Level 3.0 Spellcasting
 - Level 1.0 Conjurations
   Level 1.0 Summonings
   Level 0.8 Translocations


You had 6 spell levels left.
You knew the following spells:

 Your Spells              Type           Power        Failure   Level  Hunger
a - Magic Dart            Conj           #...         100%        1    None

Your spell library contained the following spells:

 Spells                   Type           Power        Failure   Level  Hunger
 Blink                    Tloc           N/A          100%        2    ##.....
 Call Imp                 Summ           #.......     100%        2    ##.....
 Slow                     Hex            #.......     100%        2    ##.....
 Conjure Flame            Conj/Fire      #.......     100%        3    ###....
 Mephitic Cloud           Conj/Pois/Air  #.......     100%        3    ###....


Dungeon Overview and Level Annotations

Branches:
Dungeon (2/15)

Altars:


Innate Abilities, Weirdness & Mutations

You sometimes gain a little power by taking damage.


Message History

Found a runed dagger.
A kobold comes into view. It is wielding a +0 whip.
You see here a sling bullet.
The kobold shouts!
There is a stone staircase leading up here.
You climb upwards.
There is a stone staircase leading down here.
You start resting.
HP restored.
You climb downwards.
The kobold hits you but does no damage. The ogre hits you with a +0 giant club!
The kobold hits you with a +0 whip.
There is a stone staircase leading up, spattered with blood here.
The ogre hits you with a +0 giant club.
* * * LOW HITPOINT WARNING * * *
The kobold barely misses you.
You climb upwards.
There is a stone staircase leading down here.
The ogre hits you with a +0 giant club!!
Ouch! That really hurt!
You die...

####...###......#.#
#..#.........
..##........###.#.#
#.#.#####....
#..>..............# #.#.#
##.#. #........##.###.###
#.#.# #.#. ##.......##^# #.#
#.#.# #.#. ###...####.###.#
#.#.### #.#.
####...###...##.## #.#...#
#.#. .....).....#...OK#
#.###.# #.#.
.####.####...##.@####.# #.#
#... .####.#####.###....)..#
#.# ###. .##.........#
##.###### #.# ##
....#)####### #.# ### #.#
##....# #.# ##.###.#
#.#.#.##########.###...##.#
....#............##.[)..#.#
..#.#.####.#######........##
.#...## #.# ##........#####


You could see an ogre and a kobold.

Vanquished Creatures
  An ooze (D:1)
  5 bats (D:1)
  2 giant cockroaches (D:1)
  4 goblins
  2 kobolds (D:1)
  3 frilled lizards
  3 rats (D:1)
20 creatures vanquished.

Notes
Turn   | Place    | Note
-------+----------+-------------------------------------------
     0 | D:1      | night the Demonspawn Wizard began the quest for the Orb.
     0 | D:1      | Reached XP level 1. HP: 13/13 MP: 4/4
    60 | D:1      | Reached skill level 1 in Unarmed Combat
   361 | D:1      | Gained mutation: You sometimes gain a little power by
                  | taking damage. [demonic ancestry]
   361 | D:1      | Reached XP level 2. HP: 18/19 MP: 0/6
  1227 | D:2      | Noticed an ogre
  1315 | D:1      | Demolished by an ogre

Skill      XL: |  1  2 |
---------------+-------+-----
Unarmed Combat | 1 2 |  2.4
Dodging        | |  1.7
Stealth        | |  1.7
Spellcasting   | |  3.0
Conjurations   | |  1.0
Summonings     | |  1.0
Translocations | |  0.8

Action                   || total
-------------------------++-------
Melee: Unarmed           ||   100
 Cast: Magic Dart        ||     8
 Stab: Sleeping          ||     3
  Eat: Chunk             ||     1
Armor: Robe              ||    27
       Chain mail        ||     8
Dodge: Dodged            ||    72
